 Dungeon Crawl Stone Soup version 0.30-a0-715-gdb4ae3ece1 (webtiles) character file.

Game seed: 3659948360333136525

17 Azfaa the Ducker (level 2, -1/17 HPs)
             Began as a Kobold Gladiator on Jan 23, 2023.
             Killed from afar by Natasha (9 damage)
             ... with a magic dart
             ... on level 2 of the Dungeon.
             The game lasted 00:03:36 (1506 turns).

Azfaa the Ducker (Kobold Gladiator)                 Turns: 1506, Time: 00:03:37

Health: -1/17      AC:  4    Str: 11    XL:     2   Next: 80%
Magic:  2/2        EV: 15    Int:  9    God:
Gold:   15         SH:  0    Dex: 16    Spells: 1/1 levels left

rFire   . . .      SeeInvis .    a - +0 trident
rCold   . . .      Faith    .    (shield currently unavailable)
rNeg    . . .      Spirit   .    b - +0 leather armour
rPois   .          Reflect  .    c - +0 helmet
rElec   .          Harm     .    (no cloak)
rCorr   .          Rampage  .    (no gloves)
Will    .....                    (no boots)
Stlth   ++                       (no amulet)
HPRegen 0.22/turn                (no ring)
MPRegen 0.08/turn                (no ring)

@: slowed, very slow
A: small, no large weapons, nightstalker 3
a: no special abilities


You were on level 2 of the Dungeon.
You visited 1 branch of the dungeon, and saw 2 of its levels.

You collected 15 gold pieces.

Inventory:

Hand Weapons
 a - a +0 trident (weapon)
 g - a +0 dagger
Missiles
 d - 2 throwing nets (quivered)
 e - 2 boomerangs
 h - 8 poisoned darts
 j - 5 stones
Armour
 b - a +0 leather armour (worn)
 c - a +0 helmet (worn)
 f - a +0 leather armour
 i - a +0 ring mail
 k - a +0 robe
Potions
 l - a potion of curing


   Skills:
 + Level 2.3 Fighting
 + Level 2.6 Polearms
 + Level 2.3 Throwing
 + Level 4.1 Dodging
 + Level 0.4 Stealth


You had one spell level left.
You didn't know any spells.
Your spell library contained the following spells:

 Spells                   Type           Power      Damage    Failure   Level
 Tukima's Dance           Hex            0%         N/A       85%         3
 Passage of Golubria      Tloc           0%         N/A       99%         4
 Yara's Violent Unravell  Hex/Tmut       0%         3d3       100%        5


Dungeon Overview and Level Annotations

Branches:
Dungeon (2/15)

Altars:

Annotations:
D:2 Natasha


Innate Abilities, Weirdness & Mutations

You are small and have problems with some larger weapons.
You are completely attuned to the shadows.


Message History

Press: ? - help, Q - select action, (/) - cycle Shift-Dir - straight line, f - Natasha
Aim: Natasha (heavily wounded, 55% to hit)
You throw a throwing net. The throwing net hits Natasha.
Natasha is caught in the net!
Natasha is heavily wounded.
Natasha struggles against the net. x2
You hit Natasha.
Natasha is heavily wounded.
Natasha stares at you and mumbles some strange words.
You feel as though you will be slow longer.
Natasha struggles against the net.
You catch the helpless Natasha completely off-guard!
You hit Natasha.
Natasha is almost dead.
Natasha struggles against the net. x2
You hit Natasha.
Natasha is almost dead.
Natasha casts a spell.
Natasha struggles against the net.
The net rips apart, and Natasha comes free!
You closely miss Natasha.
Natasha is almost dead.
Natasha claws you. Natasha claws you but does no damage.
You barely miss Natasha.
Natasha is almost dead.
The white imp disappears in a puff of smoke!
Natasha wildly gestures.
You feel disoriented. Natasha casts a spell at you.
You resist with significant effort.
You miss Natasha.
Natasha is almost dead.
Natasha howls an incantation.
You feel troubled.
Natasha stares at you and mumbles some strange words.
You resist with significant effort. Natasha casts a spell at you.
The magic dart hits you!
Ouch! That really hurt!
You die...

#.....###.# ##..#..##
#.# #...##.# #.# #..#
#.# #..### ##.# #.##
##.##.
######..####..####.##.
........##............
...#.......####.......
.....@..#### ####.#..
####h#### ###....#
#~~5w~~~# .....###
#~..§..~# ...#.#
#~.!...~# ####.#
#~..≈..~# #.###
#~...?.~#. #....
#.########..##
#..#<......##


You could see Natasha, a shadow imp (summoned) and a dart slug.

Vanquished Creatures
  A bat (D:1)
  2 endoplasms (D:1)
  A giant cockroach (D:2)
  4 hobgoblins (D:1)
  A kobold (D:1)
  A ball python (D:1)
  3 frilled lizards (D:1)
  3 rats (D:1)
16 creatures vanquished.

Notes
Turn   | Place    | Note
-------+----------+-------------------------------------------
     0 | D:1      | Azfaa the Kobold Gladiator began the quest for the Orb.
     0 | D:1      | Reached XP level 1. HP: 12/12 MP: 1/1
   852 | D:1      | Reached XP level 2. HP: 12/17 MP: 2/2
   966 | D:1      | Reached skill level 4 in Dodging
  1492 | D:2      | Noticed Natasha
  1506 | D:2      | Killed from afar by Natasha

Illustrated notes

Levels and vault maps discovered:
D:1:      roderic_crossed_star, layout_basic, minmay_tiny_reverse_x
D:2:      layout_rooms, kennysheep_generic_room_9, uniq_natasha

Skill      XL: |  1  2 |
---------------+-------+-----
Dodging        | 4 |  4.1
Fighting       | |  2.3
Polearms       | |  2.6
Throwing       | |  2.3
Stealth        | |  0.4

Action                     || total
---------------------------++-------
  Melee: Trident           ||    55
  Throw: Throwing net      ||     1
    Use: Potion            ||     3
         Scroll            ||     2
   Stab: Sleeping          ||     2
         Held in net/web   ||     1
 Armour: Leather armour    ||    13
  Dodge: Dodged            ||    51

Table legend: (Time is in decaauts)
 A = Elapsed time spent in this place.
 B = Non-inter-level travel time spent in this place.
 C = Inter-level travel time spent in this place.
 D = Time resting spent in this place.
 E = Time spent auto-exploring this place.
 F = Levels seen in this place.
 G = Mean time per level.
                   A        B        C        D        E       F      G
               +--------+--------+--------+--------+--------+-----+--------+
         Total |   1530 |   1530 |      0 |    530 |    128 |   2 |  765.0 |
       Dungeon |   1530 |   1530 |      0 |    530 |    128 |   2 |  765.0 |
               +--------+--------+--------+--------+--------+-----+--------+

Top non-repeatable levels by time:
     D:1: 1391 daAuts
     D:2: 139 daAuts
